[Event "EYCC O18-ch 2024"]
[Site "Prague"]
[Date "2024.08.22"]
[Round "1.1"]
[White "Sokolovsky, Yahli"]
[Black "Torres Rebolledo, Victor"]
[Result "1-0"]
[ECO "B10"]
[WhiteElo "2522"]
[BlackElo "2184"]
[Annotator "TA"]
[PlyCount "49"]
[EventDate "2024.08.19"]
[EventType "swiss"]
[EventCountry "CZE"]
[SourceTitle "playchess.com"]
[Source "ChessBase"]
[SourceQuality "1"]
[TimeControl "5400+30"]

1. e4 c6 2. Nf3 d5 3. Nc3 dxe4 4. Nxe4 Nf6 5. Qe2 Na6 6. a3 Bf5 7. d3 h6 8. Nxf6+ {[%emt 0:01:32] White is slightly better.} gxf6 9. g3 Qd7 10. Be3 Nc7 {[%emt 0:03:10] White leaves nothing to chance now.} 11. Nh4 Bh3 12. Bxh3 Qxh3 13. O-O-O Qe6 14. c4 {[%emt 0:00:54] White is more active.} O-O-O (14... Qd7 $16 {might work better.} 15. Rhe1 h5) 15. Rhe1 Kb8 {[%emt 0:05:34] [#]} (15... h5 $16 16. Bxa7 Qxe2 17. Rxe2 b5) 16. Qh5 $1 $18 {[%emt 0:00:55][%cal Oe3a7] Black must now prevent Bxa7+!} Qd7 17. Qxf7 {[%emt 0:01:28] Threatens to win with Ng6.} Qe8 18. Qxe8 Rxe8 19. d4 e6 20. Ng6 Rh7 {[%emt 0:00:09] Black is weak on the dark squares} 21. Bf4 {[%emt 0:03:17][%cal Oe1e6] Strongly threatening Rxe6! White has a decisive advantage.} Kc8 22. Bxc7 Kxc7 23. Nxf8 Rxf8 24. Rxe6 Rd7 25. Kc2 {[%emt 0:00:12] Weighted Error Value: White=0.07 (flawless) /Black=0.21 (precise) .  Mistake:       	---       	Black=2      Inaccurate:     	---       	Black=1      OK:         	White=8     	Black=2      Best:        	---       	Black=1      Strong:       	White=1     	---} 1-0

[Event "EYCC O18-ch 2024"]
[Site "Prague"]
[Date "2024.08.22"]
[Round "1.1"]
[White "Piliposyan, Robert"]
[Black "Asllani, Dorian"]
[Result "1-0"]
[ECO "D37"]
[WhiteElo "2376"]
[BlackElo "2061"]
[Annotator "RC"]
[PlyCount "75"]
[EventDate "2024.08.19"]
[EventType "swiss"]
[EventCountry "CZE"]
[SourceTitle "playchess.com"]
[Source "ChessBase"]
[SourceQuality "1"]
[TimeControl "5400+30"]

1. d4 d5 2. c4 e6 3. Nf3 Nf6 4. Nc3 Ne4 5. e3 Bb4 6. Qa4+ Nc6 7. Qc2 O-O 8. Bd3 b6 9. cxd5 exd5 10. O-O Bxc3 11. bxc3 Re8 12. Nd2 Bf5 13. Nxe4 dxe4 14. Bb5 Bd7 15. a4 Na5 16. Be2 Qg5 17. f4 Qg6 18. c4 Nc6 19. Ba3 Rad8 20. Kh1 a5 21. Qd1 Ne7 22. g4 Kh8 23. d5 Ng8 24. Bb2 c6 25. Be5 cxd5 26. cxd5 Bc8 27. f5 Qh6 28. Qd4 Rxe5 29. Qxe5 Qxe3 30. Rae1 Nf6 31. Qc7 Rg8 32. Ba6 Nxd5 33. Rxe3 Bxa6 34. Qxf7 Nxe3 35. Rg1 Bc4 36. Qe7 h5 37. Qg5 Nxg4 38. Rxg4 1-0

[Event "EYCC O18-ch 2024"]
[Site "Prague"]
[Date "2024.08.22"]
[Round "1.2"]
[White "Ribeiro, Gustavo"]
[Black "Klimkowski, Jan"]
[Result "0-1"]
[ECO "C47"]
[WhiteElo "2183"]
[BlackElo "2508"]
[Annotator "TA"]
[PlyCount "50"]
[EventDate "2024.08.19"]
[EventType "swiss"]
[EventCountry "CZE"]
[SourceTitle "playchess.com"]
[Source "ChessBase"]
[SourceQuality "1"]
[TimeControl "5400+30"]

1. e4 e5 2. Nf3 Nc6 3. Nc3 Nf6 4. d4 Bb4 5. d5 Ne7 6. Bd3 d6 7. O-O Bxc3 8. bxc3 Ng6 {[%emt 0:07:13] The position is equal.} 9. h3 O-O 10. Nh2 Nd7 11. Qf3 Nc5 12. g4 c6 {[%emt 0:02:59] ...cxd5 would now be deadly.} 13. c4 Bd7 14. Qg3 {[%emt 0:03:58] [#]} (14. Be3 $15) 14... b5 $1 $17 15. cxb5 cxd5 (15... cxb5 16. a3 $15) 16. exd5 Nxd3 17. Qxd3 f5 18. Re1 e4 ({Better is} 18... Rc8 $19 {...fxg4 is the strong threat.} 19. Bd2 Qh4) 19. Qg3 (19. Qa3 $17) 19... f4 $19 (19... Bxb5 20. gxf5 Rxf5 21. Rxe4 $17) 20. Qc3 (20. Qg2 Qf6 (20... Bxb5 21. Qxe4 Qh4 22. Qg2 $15) 21. Rb1) 20... e3 (20... Bxb5 21. Bb2 (21. Rxe4 f3 $11) 21... Ne5 (21... Qe7 22. Rxe4 Qf7 23. Nf3 $16) 22. Rxe4 $11) 21. Bb2 {[%emt 0:15:24][%csl Gb2][%cal Rc3g7] [#]} Ne5 {[%emt 0:01:44] Active counter play!} ({Weaker is} 21... Bxb5 22. Qxg7#) 22. f3 (22. fxe3 $142 f3 (22... Bxb5 23. exf4 Qb6+ 24. Qd4 $14) 23. Rf1) 22... Qh4 {[%emt 0:01:42] Black is clearly winning.} 23. Re2 Qxh3 24. Rg2 Rf7 25. Qb4 Ng6 {[%emt 0:04:30] Weighted Error Value: White=0.64/Black=0.07 (flawless) .  Mistake:       	White=4     	Black=1      Inaccurate:     	White=3     	---        OK:         	White=4     	Black=7      Best:        	---       	Black=2      Strong:       	---       	Black=1} 0-1

[Event "EYCC O18-ch 2024"]
[Site "Prague"]
[Date "2024.08.22"]
[Round "1.2"]
[White "Thorisson, Benedikt"]
[Black "Chyzy, Jakub"]
[Result "0-1"]
[ECO "C55"]
[WhiteElo "2057"]
[BlackElo "2368"]
[Annotator "RC"]
[PlyCount "78"]
[EventDate "2024.08.19"]
[EventType "swiss"]
[EventCountry "CZE"]
[SourceTitle "playchess.com"]
[Source "ChessBase"]
[SourceQuality "1"]
[TimeControl "5400+30"]

1. e4 e5 2. Nf3 Nc6 3. Bc4 Nf6 4. d3 h6 5. Nbd2 g6 6. c3 Bg7 7. O-O O-O 8. Re1 d6 9. Nf1 Na5 10. Bb5 a6 11. Ba4 b5 12. Bc2 c5 13. Bd2 Nc6 14. h3 d5 15. a4 Be6 16. b4 cxb4 17. cxb4 Qd6 18. Qc1 Kh7 19. Qb2 Nd7 20. Bc3 d4 21. Bd2 f5 22. Bb3 fxe4 23. dxe4 Nb6 24. Bxe6 Qxe6 25. Rec1 Nxa4 26. Qc2 Rfc8 27. Qd1 Nd8 28. Ne1 Rxc1 29. Rxc1 Rc8 30. Nd3 Rxc1 31. Qxc1 Qc4 32. Qa3 Nc6 33. f3 Bf8 34. Be1 a5 35. Qc1 Qxc1 36. Nxc1 Bxb4 37. Bxb4 Nxb4 38. Nb3 Nc6 39. Nfd2 Nc3 0-1

[Event "EYCC O18-ch 2024"]
[Site "Prague"]
[Date "2024.08.22"]
[Round "1.3"]
[White "Malek, Jan"]
[Black "Bermudez Ureba, Juan Diego"]
[Result "1-0"]
[ECO "E12"]
[WhiteElo "2482"]
[BlackElo "2183"]
[Annotator "TA"]
[PlyCount "49"]
[EventDate "2024.08.19"]
[EventType "swiss"]
[EventCountry "CZE"]
[SourceTitle "playchess.com"]
[Source "ChessBase"]
[SourceQuality "1"]
[TimeControl "5400+30"]

1. d4 Nf6 2. c4 e6 3. Nf3 b6 4. a3 d5 5. cxd5 exd5 6. Nc3 a6 7. Bf4 Bd6 8. Be5 {[%emt 0:00:14] White is slightly better.} Bb7 9. Qa4+ c6 {[%emt 0:12:02] [#]} (9... b5 $11 10. Qc2 O-O) 10. Bxf6 $1 $16 gxf6 ({Black should try} 10... Qxf6 11. Nxd5 Qd8) 11. e3 (11. Nxd5 $2 b5 12. Qd1 cxd5 $19) 11... Nd7 12. Bd3 Nf8 13. Nh4 (13. Nxd5 b5 14. Nxf6+ Qxf6 $17) 13... Ne6 14. Nf5 (14. Nxd5 b5 15. Qd1 cxd5 $17) 14... Bc7 15. O-O Qd7 (15... h5 $16 {was worth a try.} 16. Rae1 h4) 16. Rac1 $18 c5 17. dxc5 bxc5 18. Qh4 {[%emt 0:02:11][%cal Od3c2] aiming for Bc2!} O-O-O 19. Rfd1 {[%emt 0:00:51][%cal Od3c2] Black must now prevent Bc2!} Rhg8 20. Qxf6 {[%emt 0:12:07][%cal Od3e4] [#] Hoping for Be4!} Kb8 21. Ne7 {[%emt 0:01:09] Repels Rg6. Excellent horsemanship.} Qd6 $2 (21... d4 $16 {keeps fighting.} 22. Nxg8 (22. Qxf7 $2 Rxg2+ 23. Kf1 dxc3 $19) 22... Qd6) 22. g3 {[%emt 0:02:18] Active counter play!} (22. Qxf7 $2 Qxh2+ 23. Kf1 Qxg2+ (23... Rxg2 $2 24. Qf3 $19) 24. Ke1 Rdf8 $19) 22... Rg5 23. Be4 (23. Qxf7 $2 Rg7 $19) (23. Bxh7 Qe5 24. Ncxd5 (24. Qxf7 $2 Rf8 $19) 24... Bxd5 25. Nxd5 (25. Qxf7 Rg7 $17) (25. Qxe5 Rxe5 26. Nxd5 Rexd5 $11) 25... Rxd5 26. Qxf7 Ka7 27. Rxd5 Qxd5 $16) 23... Nf4 (23... Qe5 24. Qxe5 (24. Ncxd5 $2 {perishes.} Qxe4 25. f3 Qh4 $19) (24. Nexd5 Rxd5 25. Qxe5 Rxd1+ 26. Rxd1 Rxe5 $15) 24... Bxe5) 24. Qxd6 (24. Qxg5 $2 {too greedy.} Nh3+ 25. Kf1 Nxg5 $19) (24. Qxf4 $2 {is the wrong capture.} Qxe7 25. Qh4 dxe4 $19) 24... Bxd6 25. exf4 {[%emt 0:00:40] Black did not feel at home in the position after the opening.   Weighted Error Value: White=0.08 (flawless) /Black=0.49.  Mistake:       	---       	Black=5      Inaccurate:     	---       	Black=1      OK:         	White=6     	Black=5      Best:        	White=3     	Black=1      Strong:       	White=1     	---} 1-0

[Event "EYCC O18-ch 2024"]
[Site "Prague"]
[Date "2024.08.22"]
[Round "1.3"]
[White "Karolczuk, Iwo"]
[Black "Dogias, Christos"]
[Result "1/2-1/2"]
[ECO "B46"]
[WhiteElo "2356"]
[BlackElo "2047"]
[Annotator "RC"]
[PlyCount "95"]
[EventDate "2024.08.19"]
[EventType "swiss"]
[EventCountry "CZE"]
[SourceTitle "playchess.com"]
[Source "ChessBase"]
[SourceQuality "1"]
[TimeControl "5400+30"]

1. e4 c5 2. Nf3 e6 3. d4 cxd4 4. Nxd4 Nc6 5. Nc3 a6 6. a3 Qc7 7. Be3 b5 8. Nxc6 Qxc6 9. Be2 Bb7 10. O-O Rc8 11. Qd3 Qc7 12. Rfd1 Nf6 13. Bf3 h6 14. Rd2 d6 15. a4 b4 16. Na2 d5 17. exd5 Nxd5 18. Bxd5 Bxd5 19. Qxa6 Ra8 20. Qb5+ Bc6 21. Bf4 Bxb5 22. Bxc7 Bxa4 23. Nc1 Be7 24. b3 Bc6 25. Rxa8+ Bxa8 26. Ba5 Be4 27. f3 Bg5 28. Re2 Bg6 29. Na2 O-O 30. Bxb4 Rc8 31. Nc3 Be7 32. Bxe7 Rxc3 33. b4 Bxc2 34. b5 Bb3 35. b6 Bd5 36. Rb2 Bb7 37. Bd6 f6 38. Bc7 Kf7 39. Rd2 Ke7 40. Bd6+ Ke8 41. Bc7 Rb3 42. Rd8+ Ke7 43. Rg8 Kf7 44. Rb8 Bd5 45. Bd6 g5 46. h3 Rb1+ 47. Kf2 Rb2+ 48. Kg1 1/2-1/2

[Event "EYCC O18-ch 2024"]
[Site "Prague"]
[Date "2024.08.22"]
[Round "1.4"]
[White "Bakija, Alan"]
[Black "Rozen, Eytan"]
[Result "0-1"]
[ECO "A37"]
[WhiteElo "2171"]
[BlackElo "2478"]
[Annotator "TA"]
[PlyCount "108"]
[EventDate "2024.08.19"]
[EventType "swiss"]
[EventCountry "CZE"]
[SourceTitle "playchess.com"]
[Source "ChessBase"]
[SourceQuality "1"]
[TimeControl "5400+30"]

1. Nf3 c5 2. c4 Nc6 3. g3 g6 4. Bg2 Bg7 5. Nc3 d6 6. O-O Bf5 7. b3 {[%emt 0:03:26] A37: Symmetrical English vs ...g6: 4 Bg2 Bg7 5 Nf3.} Qd7 {[%emt 0:03:06] 7...Nf6 is vanishing.} 8. Bb2 Bh3 9. Qc2 ({White should play} 9. e3 $14) 9... Nf6 $146 ({Predecessor:} 9... e5 10. Nd5 Rc8 11. e3 Nf6 12. d4 Nxd5 13. cxd5 Nb4 14. Qd2 Bxg2 15. Kxg2 e4 {0-1 Szamos,A (2144)-Pechac,J (2494) SVK-chT2C 1516 2015 (9.1)}) 10. Nd5 Bxg2 11. Kxg2 O-O 12. Nxf6+ Bxf6 13. Bxf6 exf6 14. Rad1 Rfe8 15. d4 Qe7 16. e3 f5 17. Rd2 Nb4 18. Qb1 Rad8 19. d5 Qf6 20. a3 Na6 21. Qb2 Kg7 22. Rb1 (22. Qxf6+ {simplifies} Kxf6 23. h4 h6 24. Rh1) 22... Re4 23. Ng5 Qxb2 24. Rdxb2 Re7 25. h4 h6 26. Nf3 Kf6 27. b4 g5 28. hxg5+ hxg5 29. Nd2 Rc8 30. Kf3 Rh8 31. Kg2 Ree8 32. Nb3 cxb4 33. axb4 Nxb4 34. Na5 Nd3 (34... b6 35. Nb7 a5 (35... Nd3 36. Ra2 $11) 36. Nxd6) 35. Rxb7 Rh7 (35... f4 36. Nc6) 36. Rb8 (36. Rxa7 $2 Reh8 37. Kf3 g4+ (37... Rh2 $2 38. Rf1 $19) 38. Ke2 Nxf2 $19) 36... Rxb8 (36... Rhh8 $11 37. Rxe8 Rxe8) 37. Rxb8 $14 Ne5 38. Rd8 $1 Ke7 39. Ra8 Ng4 $2 (39... Kf6 $16 {might work better.}) 40. Rxa7+ $2 (40. Nc6+ $18 {and the rest is easy.} Kf6 41. Rd8 (41. Nxa7 Rh2+ 42. Kg1 Rxf2 $15)) 40... Kf6 $16 {[%emt 0:00:02] [#]} 41. c5 (41. Kg1 $1 $16 {And now Nb7 would win.} Ne5 (41... Rh2 $2 42. f3 $18) 42. Ra6 Nf3+ 43. Kf1 Nd2+ 44. Ke2) 41... Rh2+ $11 42. Kg1 Rxf2 43. c6 (43. cxd6 $11 Rd2 44. d7 Rd1+ 45. Kg2 Rxd5 46. Nc6 Rd2+ 47. Kg1 Rd1+ 48. Kg2 Rd2+ 49. Kh1 Rd1+ 50. Kg2 Rd2+) 43... Rc2 $1 $17 44. Rd7 (44. Nb7 $17 {was the only defense.}) 44... Rc1+ $19 ({And not} 44... Nxe3 45. c7 Nxd5 46. Rxd6+ Ke7 47. Rxd5 $14) 45. Kg2 Nxe3+ 46. Kf3 $2 (46. Kf2 Nxd5 47. Rxd6+ Ke5 48. Rd8) 46... Nxd5 $19 47. Rxd6+ Ke5 48. Rd8 g4+ 49. Ke2 Rc2+ 50. Kd3 (50. Kf1 {is a better defense.}) 50... Nb4+ $19 51. Ke3 Nxc6 52. Re8+ Kf6 53. Rc8 Nd4 54. Nc4 Ne6 0-1

[Event "EYCC O18-ch 2024"]
[Site "Prague"]
[Date "2024.08.22"]
[Round "1.4"]
[White "Sarabando, Rodrigo Andias"]
[Black "Gasparyan, Erik R."]
[Result "0-1"]
[ECO "A40"]
[WhiteElo "2046"]
[BlackElo "2350"]
[Annotator "RC"]
[PlyCount "110"]
[EventDate "2024.08.19"]
[EventType "swiss"]
[EventCountry "CZE"]
[SourceTitle "playchess.com"]
[Source "ChessBase"]
[SourceQuality "1"]
[TimeControl "5400+30"]

1. d4 Nf6 2. c4 e6 3. g3 d5 4. Nf3 Bb4+ 5. Bd2 Be7 6. Bg2 O-O 7. Qc2 Nbd7 8. O-O c6 9. Rd1 a5 10. b3 b6 11. Bc3 Ba6 12. Nbd2 b5 13. e4 bxc4 14. bxc4 dxe4 15. Ne5 Qc7 16. Nxe4 Nxe5 17. dxe5 Nxe4 18. Qxe4 Rfd8 19. Qxc6 Qxc6 20. Bxc6 Rac8 21. Bf3 a4 22. Rxd8+ Bxd8 23. Rd1 Bxc4 24. Bc6 Bxa2 25. Bxa4 Bd5 26. Bd2 Ra8 27. Bb5 Bb6 28. Rc1 h6 29. Bc6 Ra2 30. Bxd5 Rxd2 31. Rc8+ Kh7 32. Be4+ g6 33. Rc2 Bxf2+ 34. Kg2 Rxc2 35. Bxc2 Bd4 36. Kf3 Bxe5 37. h3 Kg7 38. Ba4 Bc7 39. Bd7 Bd6 40. Bc8 Bc7 41. Bd7 Kf6 42. Bc6 Ke7 43. Bb5 f5 44. g4 e5 45. gxf5 gxf5 46. Bc6 Kf6 47. Bb7 Kg5 48. Bc8 e4+ 49. Ke3 Bb6+ 50. Ke2 f4 51. Bb7 f3+ 52. Kf1 Kf4 53. Bc6 e3 54. Bb5 Kg3 55. h4 Kxh4 0-1

[Event "EYCC O18-ch 2024"]
[Site "Prague"]
[Date "2024.08.22"]
[Round "1.5"]
[White "Macias Pino, Diego"]
[Black "Perets, Dmytro"]
[Result "1-0"]
[ECO "B15"]
[WhiteElo "2477"]
[BlackElo "2166"]
[Annotator "RC"]
[PlyCount "113"]
[EventDate "2024.08.19"]
[EventType "swiss"]
[EventCountry "CZE"]
[SourceTitle "playchess.com"]
[Source "ChessBase"]
[SourceQuality "1"]
[TimeControl "5400+30"]

1. e4 c6 2. d4 d5 3. Nc3 dxe4 4. Nxe4 Nf6 5. Nxf6+ exf6 6. c3 Bd6 7. Bd3 Na6 8. Qc2 Nc7 9. Ne2 h5 10. c4 Ne6 11. Bd2 a5 12. f4 Bb4 13. O-O-O Kf8 14. Bc3 Bd7 15. f5 Nc7 16. Be4 Ne8 17. c5 Nc7 18. a3 Bxc3 19. Nxc3 g5 20. fxg6 f5 21. Rhf1 Qg5+ 22. Qd2 Qxd2+ 23. Rxd2 fxg6 24. d5 cxd5 25. Nxd5 Nxd5 26. Bxd5 Rc8 27. b4 axb4 28. axb4 b6 29. Bc4 Rh7 30. Rd6 bxc5 31. b5 Be8 32. b6 Rd7 33. Rfd1 Rxd6 34. Rxd6 Ke7 35. b7 Rb8 36. Rb6 Kd7 37. Bd5 Kc7 38. Rf6 Rd8 39. Bf3 Kb8 40. Ra6 Kc7 41. h4 Bf7 42. b8=Q+ Rxb8 43. Ra7+ Kd6 44. Rxf7 Ke5 45. Rc7 Kf4 46. Rc6 Rg8 47. Rxc5 Kg3 48. Rc4 f4 49. Bd5 Rd8 50. Bf3 Rd6 51. Kc2 Rf6 52. Kd3 Kxh4 53. Rc1 Kg3 54. Rh1 Rd6+ 55. Ke2 Re6+ 56. Kf1 g5 57. Rh3# 1-0

[Event "EYCC O18-ch 2024"]
[Site "Prague"]
[Date "2024.08.22"]
[Round "1.5"]
[White "Palczert, Matyas"]
[Black "Pedmanson, Albert"]
[Result "1-0"]
[ECO "C50"]
[WhiteElo "2341"]
[BlackElo "2045"]
[Annotator "RC"]
[PlyCount "73"]
[EventDate "2024.08.19"]
[EventType "swiss"]
[EventCountry "CZE"]
[SourceTitle "playchess.com"]
[Source "ChessBase"]
[SourceQuality "1"]
[TimeControl "5400+30"]

1. e4 e5 2. Nf3 Nc6 3. Bc4 Nf6 4. d3 Bc5 5. c3 d6 6. O-O O-O 7. Re1 Bb6 8. h3 h6 9. Nbd2 Ne7 10. d4 Ng6 11. Bd3 c6 12. Nf1 Qc7 13. Be3 Be6 14. Ng3 Rad8 15. Qc2 Rfe8 16. a4 Qb8 17. a5 Bc7 18. c4 Bd7 19. d5 c5 20. Qd2 Kh7 21. b4 b6 22. axb6 axb6 23. Nh2 Qb7 24. bxc5 dxc5 25. Bc2 Ra8 26. Nf5 Bxf5 27. exf5 Ne7 28. Ng4 Nxg4 29. f6+ g6 30. hxg4 Ng8 31. Ba4 b5 32. Bxb5 Rxa1 33. Rxa1 Rd8 34. Bxc5 Nxf6 35. Qe2 Bb6 36. Bxb6 Qxb6 37. Ra6 1-0

[Event "EYCC O18-ch 2024"]
[Site "Prague"]
[Date "2024.08.22"]
[Round "1.6"]
[White "Taranowicz, Michal"]
[Black "Razafindratsima, Timothe"]
[Result "0-1"]
[ECO "B40"]
[WhiteElo "2164"]
[BlackElo "2457"]
[Annotator "TA"]
[PlyCount "86"]
[EventDate "2024.08.19"]
[EventType "swiss"]
[EventCountry "CZE"]
[SourceTitle "playchess.com"]
[Source "ChessBase"]
[SourceQuality "1"]
[TimeControl "5400+30"]

1. e4 c5 2. Nf3 e6 3. d4 cxd4 4. Nxd4 Nf6 5. Nc3 Nc6 6. a3 d6 7. Be3 Be7 8. Be2 O-O 9. Qd2 e5 {[%emt 0:10:12] The position is equal.} 10. Nb3 Be6 (10... Nxe4 $5 11. Nxe4 d5 $11) 11. Rd1 a5 12. O-O a4 13. Nc1 h6 14. f4 exf4 15. Bxf4 Ra5 16. Bf3 (16. Bxd6 $2 {loses.} Qb6+ 17. Kh1 Rd8 $19 (17... Qxb2 18. Nd3 $11)) (16. Kh1 $1 $14) 16... Ne5 $11 17. Bxe5 (17. Nd3 $11 {is more appropriate.}) 17... dxe5 $15 ({But not} 17... Rxe5 18. Nd3 Qb6+ 19. Kh1 $11) 18. Qxd8 Bxd8 19. Nd3 Bb6+ 20. Kh1 Bc4 21. Rfe1 Re8 {[%emt 0:06:45] Black is more active.} 22. g3 g5 23. Rd2 Kg7 24. Nb4 Bd4 25. Nd1 Be6 26. Ne3 $2 {[%emt 0:01:00] Now White is beyond hope.} (26. c3 $11 Ba7 27. Ne3) 26... Bxb2 $19 {[%emt 0:00:43] A strong pair of Bishops.} 27. Rd3 {[%emt 0:01:19] Repels Bc3} Rc5 28. Nbd5 Bxd5 29. Nxd5 Nxd5 30. exd5 Rxc2 31. d6 b5 32. Bd1 Rc1 {[%emt 0:00:24][%cal Ob5b4] ...b4! would now be deadly.} 33. Re2 Bxa3 34. Kg2 (34. d7 $142 Rd8 35. Rxe5) 34... Rd8 35. d7 f6 {[%emt 0:00:21] ...Bc5 is the strong threat.} 36. Bc2 $2 (36. Bxa4 bxa4 37. Rxa3) 36... Bc5 {[%emt 0:01:32] Black is clearly winning.} 37. Rd5 {[%emt 0:00:12] [#]} a3 $1 38. Bb3 (38. Bd1 Kf8) 38... Rc3 39. Ba2 b4 40. Red2 Be3 41. R2d3 Bd4 42. Rxc3 bxc3 43. Bb3 {[%emt 0:00:10] [#]} c2 $1 {[%emt 0:00:26] Weighted Error Value: White=0.71/Black=0.09 (flawless) .  Loses game:     	White=1     	---        Mistake:       	White=4     	---        Inaccurate:     	White=2     	Black=5      OK:         	White=9     	Black=14     Best:        	White=2     	Black=1} 0-1

[Event "EYCC O18-ch 2024"]
[Site "Prague"]
[Date "2024.08.22"]
[Round "1.6"]
[White "Sheahan, Ben"]
[Black "Olenik Campa, Rudi"]
[Result "1/2-1/2"]
[ECO "A40"]
[WhiteElo "2043"]
[BlackElo "2335"]
[Annotator "RC"]
[PlyCount "127"]
[EventDate "2024.08.19"]
[EventType "swiss"]
[EventCountry "CZE"]
[SourceTitle "playchess.com"]
[Source "ChessBase"]
[SourceQuality "1"]
[TimeControl "5400+30"]

1. d4 e6 2. Nf3 Nf6 3. g3 d5 4. Bg2 Bd6 5. O-O O-O 6. c4 Nc6 7. Nbd2 Re8 8. a3 Bf8 9. b4 dxc4 10. Nxc4 Qd5 11. Nce5 a5 12. Nxc6 Qxc6 13. bxa5 Rxa5 14. a4 Bb4 15. Bd2 Bxd2 16. Nxd2 Qa6 17. e3 Qa7 18. Qc2 b5 19. Nb3 Rxa4 20. Bc6 Bd7 21. Bxd7 Nxd7 22. Qc6 Nf6 23. Qxb5 Rxa1 24. Rxa1 Qb6 25. Qc4 h5 26. h4 Rb8 27. Nc5 Qc6 28. Rc1 Qf3 29. Nd3 Ng4 30. Qxc7 Rb2 31. Qf4 Qxf4 32. exf4 Rd2 33. Rc3 Kf8 34. Kf1 Ke7 35. Rb3 Kf6 36. Ke1 Ra2 37. Rb2 Ra4 38. Nb4 Ra1+ 39. Ke2 Ra5 40. Kf3 Ra3+ 41. Ke2 Ra5 42. Kf3 Kf5 43. Rb3 Rb5 44. Rb2 Ra5 45. Rb3 Kg6 46. Nd3 f6 47. Nb4 Ra4 48. Kg2 f5 49. Rb2 Nf6 50. Nc6 Kf7 51. Ne5+ Kg8 52. Nf3 Ne4 53. Rc2 Kh7 54. Re2 Kg6 55. Ng5 Nxg5 56. hxg5 Rxd4 57. Rxe6+ Kf7 58. Ra6 g6 59. Ra7+ Kf8 60. Kf3 Re4 61. Ra2 Kf7 62. Re2 Ra4 63. Ke3 Rb4 64. Kf3 1/2-1/2

[Event "EYCC O18-ch 2024"]
[Site "Prague"]
[Date "2024.08.22"]
[Round "1.7"]
[White "Stalmach, Richard"]
[Black "Jackson, Edward"]
[Result "1-0"]
[ECO "D35"]
[WhiteElo "2443"]
[BlackElo "2156"]
[Annotator "RC"]
[PlyCount "57"]
[EventDate "2024.08.19"]
[EventType "swiss"]
[EventCountry "CZE"]
[SourceTitle "playchess.com"]
[Source "ChessBase"]
[SourceQuality "1"]
[TimeControl "5400+30"]

1. d4 d5 2. c4 e6 3. Nc3 Nf6 4. Nf3 Nbd7 5. cxd5 exd5 6. Bf4 c6 7. h3 Be7 8. e3 O-O 9. Bd3 Re8 10. O-O Nf8 11. Ne5 Bd6 12. Bg3 Ng6 13. f4 Ne7 14. f5 c5 15. Bh4 Nc6 16. Nxd5 Bxe5 17. dxe5 Qxd5 18. exf6 Ne5 19. Bb5 Qxd1 20. Raxd1 Nc6 21. fxg7 Kxg7 22. Rd6 a6 23. Bxc6 bxc6 24. Rf4 Kf8 25. Rh6 Rxe3 26. Rxh7 Ke8 27. Rg4 Bxf5 28. Rg8+ Kd7 29. Rxf7+ 1-0

[Event "EYCC O18-ch 2024"]
[Site "Prague"]
[Date "2024.08.22"]
[Round "1.7"]
[White "Baranciuc, Alexandr"]
[Black "Andries, Alf"]
[Result "1/2-1/2"]
[ECO "A35"]
[WhiteElo "2332"]
[BlackElo "2024"]
[Annotator "RC"]
[PlyCount "160"]
[EventDate "2024.08.19"]
[EventType "swiss"]
[EventCountry "CZE"]
[SourceTitle "playchess.com"]
[Source "ChessBase"]
[SourceQuality "1"]
[TimeControl "5400+30"]

1. c4 c5 2. Nc3 Nc6 3. Nf3 e5 4. e3 Nf6 5. d4 e4 6. d5 exf3 7. dxc6 dxc6 8. Qxd8+ Kxd8 9. gxf3 g6 10. b3 Bg7 11. Bb2 b6 12. O-O-O+ Ke7 13. Bg2 Bd7 14. Ne2 Nh5 15. Ng3 Bxb2+ 16. Kxb2 Ng7 17. f4 h5 18. Ne4 Rhd8 19. Ng5 Ne6 20. Nf3 f6 21. Rhg1 Be8 22. Rxd8 Rxd8 23. Kc1 Rd6 24. f5 Nf8 25. fxg6 Nxg6 26. Bh3 Kf7 27. Bf5 Ne5 28. Nxe5+ fxe5 29. h4 Kf6 30. Rg5 Bf7 31. Be4 b5 32. cxb5 cxb5 33. Bf3 Rd8 34. Bxh5 Bxh5 35. Rxh5 Rg8 36. Rh6+ Kf5 37. Ra6 Ke4 38. Rxa7 Rg2 39. Rf7 Rh2 40. Kd2 Rxh4 41. Rb7 b4 42. Rc7 Kd5 43. Rd7+ Ke6 44. Rc7 Kd5 45. Kd3 e4+ 46. Kc2 Rh1 47. Rd7+ Kc6 48. Rd2 Rf1 49. Kb2 Kb5 50. a3 bxa3+ 51. Kxa3 Ra1+ 52. Kb2 Rf1 53. Kc3 Rc1+ 54. Kb2 Rf1 55. Re2 Kb4 56. Rc2 Kb5 57. Kc3 Rd1 58. Ra2 Rd3+ 59. Kc2 c4 60. bxc4+ Kxc4 61. Ra5 Rc3+ 62. Kd2 Rb3 63. Re5 Rb2+ 64. Ke1 Rb1+ 65. Ke2 Rb2+ 66. Kf1 Rb1+ 67. Kg2 Kd3 68. Rd5+ Ke2 69. Kg3 Rb8 70. Rf5 Rg8+ 71. Kf4 Kxf2 72. Kxe4+ Ke2 73. Re5 Rg4+ 74. Kd5 Ra4 75. Ke6 Kf3 76. Kf5 Rh4 77. Re8 Rh5+ 78. Kg6 Rh4 79. e4 Rxe4 80. Rxe4 Kxe4 1/2-1/2

[Event "EYCC O18-ch 2024"]
[Site "Prague"]
[Date "2024.08.22"]
[Round "1.8"]
[White "Trushko, Andrii"]
[Black "Levin, Guy"]
[Result "0-1"]
[ECO "D00"]
[WhiteElo "2154"]
[BlackElo "2436"]
[Annotator "RC"]
[PlyCount "38"]
[EventDate "2024.08.19"]
[EventType "swiss"]
[EventCountry "CZE"]
[SourceTitle "playchess.com"]
[Source "ChessBase"]
[SourceQuality "1"]
[TimeControl "5400+30"]

1. d4 d5 2. Bf4 Nf6 3. e3 c5 4. c3 Nc6 5. Nd2 e6 6. Ngf3 Nh5 7. Bg5 f6 8. Bh4 g6 9. Be2 cxd4 10. cxd4 Be7 11. O-O O-O 12. Re1 g5 13. Bg3 g4 14. Nh4 f5 15. Bxg4 fxg4 16. Qxg4+ Ng7 17. f4 h5 18. Qh3 e5 19. f5 Rxf5 0-1

[Event "EYCC O18-ch 2024"]
[Site "Prague"]
[Date "2024.08.22"]
[Round "1.8"]
[White "Sinitsyn, Anton"]
[Black "Slagboom, Leandro"]
[Result "0-1"]
[ECO "D35"]
[WhiteElo "2005"]
[BlackElo "2331"]
[Annotator "RC"]
[PlyCount "84"]
[EventDate "2024.08.19"]
[EventType "swiss"]
[EventCountry "CZE"]
[SourceTitle "playchess.com"]
[Source "ChessBase"]
[SourceQuality "1"]
[TimeControl "5400+30"]

1. c4 e6 2. Nc3 d5 3. d4 Nf6 4. cxd5 exd5 5. Bg5 Be7 6. e3 h6 7. Bh4 Bg4 8. f3 Be6 9. Bd3 c5 10. Nge2 Nc6 11. O-O O-O 12. Kh1 cxd4 13. exd4 Rc8 14. Rc1 Re8 15. Bb1 Qd7 16. Qd3 g6 17. Qd2 Kg7 18. Bf2 Bf8 19. Rfe1 Bf5 20. Bxf5 Qxf5 21. Ng3 Qd7 22. Rxe8 Rxe8 23. Re1 Rc8 24. Nge2 Ne7 25. Nf4 Nf5 26. Nd3 Qd8 27. Ne5 Bb4 28. Rc1 h5 29. a3 Ba5 30. Qd3 a6 31. Rc2 Qc7 32. g4 hxg4 33. fxg4 Nd6 34. Be1 Nde4 35. Rc1 Nd7 36. Nxd7 Qxd7 37. Qf3 Bxc3 38. bxc3 b5 39. a4 g5 40. axb5 Qxb5 41. Rc2 Re8 42. Qe2 Ng3+ 0-1